 Dungeon Sprint DCSS version 0.17.1-3-g152610e (webtiles) character file.

228 Symetrie the Tainter (level 5, -12/36 HPs)
             Began as a Demonspawn Venom Mage on Mar 17, 2016.
             Was an Initiate of Vehumet.
             Mangled by a slime creature (14 damage)
             ... in the Dungeon (Sprint I: "Red Sonja").
             The game lasted 00:02:36 (570 turns).

Symetrie the Tainter (Demonspawn Venom Mage)         Turns: 570, Time: 00:02:38

Health: -12/36     AC:  3    Str:  8    XL:     5   Next: 70%
Magic:  7/8        EV: 12    Int: 18    God:    Vehumet [......]
Gold:   162        SH:  0    Dex: 13    Spells: 3 memorised, 0 levels left

rFire  . . .     SeeInvis .     k - +0 scythe
rCold  . . .     Clarity  .     a - +0 robe
rNeg   . . .     SustAt   .     (shield currently unavailable)
rPois  .         Gourm    .     (no helmet)
rElec  .         Spirit   .     (no cloak)
rCorr  .         Warding  .     (no gloves)
rMut   .         NoTele   +     (no boots)
MR     .....                    (no amulet)
Stlth  ++........               (no ring)
                                (no ring)

@: not resistant to hostile enchantments, unstealthy
A: icy blue scales 1, demonic guardian 1, rot immunity
a: Renounce Religion


You were in the Dungeon.
You worshipped Vehumet.
Vehumet was noncommittal.
You were not hungry.

You visited 1 branch You collected 162 gold pieces.

Inventory:

Hand Weapons
 h - a +0 club
 k - a +0 scythe (weapon)
Armour
 a - a +0 robe (worn)
 j - a +0 leather armour
Scrolls
 i - a scroll of blinking
Potions
 d - a potion of curing
 f - a potion of haste
 g - 2 potions of magic
 l - a potion of flight {unknown}
Books
 b - a Young Poisoner's Handbook

   Spells                             Type                      Level
   a - Sting                          Conjuration/Poison           1
   b - Cure Poison                    Poison                       2
   c - Mephitic Cloud                 Conjuration/Poison/Air       3
   d - Olgreb's Toxic Radiance        Poison                       4
   e - Venom Bolt                     Conjuration/Poison           5
 e - Sif Muna's Volume of the Glacier
   (You found it in the Dungeon)

   Spells                             Type                      Level
   a - Freeze                         Ice                          1
   b - Ensorcelled Hibernation        Hexes/Ice                    2
   c - Metabolic Englaciation         Hexes/Ice                    5
Comestibles
 c - a bread ration


   Skills:
 - Level 0.4 Fighting
 - Level 2.3 Dodging
 - Level 2.3 Stealth
 - Level 1.0 Unarmed Combat
 - Level 2.6 Spellcasting
 + Level 11.8 Poison Magic


You couldn't memorise any spells.
You knew the following spells:

 Your Spells              Type           Power        Failure   Level  Hunger
a - Sting                 Conj/Pois      ###.         1%          1    #......
b - Venom Bolt            Conj/Pois      ###.......   41%         5    ######.
c - Mephitic Cloud        Conj/Pois/Air  ###.....     12%         3    ###....


Dungeon Overview and Level Annotations

Branches:
Dungeon (1/1)

Altars:
Fedhas
Sif Muna
Vehumet
Jiyva


Innate Abilities, Weirdness & Mutations

You are partially covered in icy blue scales (AC +1).
A weak demonic guardian rushes to your aid.
You are immune to rotting.


Message History

Casting: Sting
Confirm with . or Enter, or press ? or * to list all spells.
Aiming: Mephitic Cloud
Press: ? - help, Shift-Dir - straight line, f/p - slime creature
Aim: a slime creature (lightly wounded)
Okay, then.
Casting: Mephitic Cloud
Confirm with . or Enter, or press ? or * to list all spells.
The spell is very dangerous to cast!
Continue anyway?
Okay, then.
Unknown command.
Unknown command.
You hit the slime creature.
The slime creature is lightly wounded.
The slime creature hits you!
* * * LOW HITPOINT WARNING * * *
Your crimson imp hits the slime creature.
The slime creature jiggles.
The slime creature hits you!
You die...

###################
#<.#..)..#..'..#__#
#..'..#..'[.#..'..+
#..#####'#####'#
#..# #..# #@# #..#
#### ##J# #..#
#+#.5+ #⌠⌠# +..._#
#### #_.#+# ##+#


You could see a slime creature and a friendly crimson imp.

Vanquished Creatures
  An ogre (D)
  A jelly (D)
  Ijyb (D)
3 creatures vanquished.

Vanquished Creatures (collateral kills)
  Sigmund (D)
1 creature vanquished.

Vanquished Creatures (others)
  A gargoyle (D)
1 creature vanquished.

Grand Total: 5 creatures vanquished

Notes
Turn   | Place    | Note
--------------------------------------------------------------
     0 | D        | Symetrie the Demonspawn Venom Mage began the quest for the Orb.
     0 | D        | Reached XP level 1. HP: 13/13 MP: 3/3
     2 | D        | Noticed Ijyb
    20 | D        | Killed Ijyb
    20 | D        | Reached skill level 1 in Unarmed Combat
    20 | D        | Reached skill level 6 in Poison Magic
    20 | D        | Gained mutation: You are partially covered in icy blue scales (AC +1). [demonic ancestry]
    20 | D        | Reached XP level 2. HP: 4/20 MP: 1/5
   306 | D        | Killed a gargoyle
   386 | D        | Noticed an ogre
   392 | D        | Killed an ogre
   392 | D        | Reached skill level 9 in Poison Magic
   392 | D        | Gained mutation: A weak demonic guardian rushes to your aid. [demonic ancestry]
   392 | D        | Reached XP level 3. HP: 25/25 MP: 0/6
   392 | D        | Reached XP level 4. HP: 31/31 MP: 0/7
   459 | D        | Noticed Sigmund
   469 | D        | Killed Sigmund
   469 | D        | Reached skill level 11 in Poison Magic
   469 | D        | Gained mutation: You are immune to rotting. [demonic ancestry]
   469 | D        | Reached XP level 5. HP: 36/36 MP: 5/8
   488 | D        | Found a deep blue altar of Sif Muna.
   489 | D        | Noticed a jelly
   490 | D        | Found a radiant altar of Vehumet.
   501 | D        | HP: 1/36 [acid (10)]
   503 | D        | Killed a jelly
   506 | D        | Identified Sif Muna's Volume of the Glacier (You found it in the Dungeon)
   515 | D        | Learned a level 5 spell: Venom Bolt
   519 | D        | Learned a level 3 spell: Mephitic Cloud
   557 | D        | Found a viscous altar of Jiyva.
   557 | D        | Found a blossoming altar of Fedhas.
   557 | D        | Noticed a slime creature
   563 | D        | Became a worshipper of Vehumet
   570 | D        | Mangled by a slime creature

Action                   |  1- 3 |  4- 6 || total
-------------------------+-------+-------++-------
Melee: Unarmed           |    14 |       ||    14
       Scythe            |       |     4 ||     4
 Cast: Sting             |     7 |    12 ||    19
  Use: Potion            |     1 |     1 ||     2
